 Dungeon Crawl Stone Soup version 0.30.0-5-g1a98f26d00 (webtiles) character file.

Game seed: 15094455511621483330

989 Edyrem the Shield-Bearer (level 7, -1/66 HPs)
             Began as a Minotaur Fighter on May 12, 2023.
             Slain by a howler monkey (4 damage)
             ... on level 5 of the Dungeon.
             The game lasted 00:07:22 (3399 turns).

Edyrem the Shield-Bearer (Minotaur Fighter)         Turns: 3399, Time: 00:07:23

Health: -1/66      AC: 11    Str: 23    XL:     7   Next: 98%
Magic:  6/6        EV:  8    Int:  5    God:
Gold:   212        SH:  5    Dex:  9    Spells: 6/6 levels left

rFire   . . .        a - +0 war axe
rCold   . . .        c - +0 buckler
rNeg    . . .        f - +0 chain mail
rPois   .            (helmet restricted)
rElec   .            u - +0 cloak
rCorr   .            x - +0 pair of gloves
SInv    .            (no boots)
Will    .....        (no amulet) Stlth
                     (no ring)
HPRegen 0.31/turn    (no ring)
MPRegen 0.10/turn

%: no passive effects
@: no status effects
A: horns 2, retaliatory headbutt
a: no special abilities


You were on level 5 of the Dungeon.
You visited 1 branch of the dungeon, and saw 5 of its levels.

You collected 212 gold pieces.

Inventory:

Hand Weapons
 a - a +0 war axe (weapon)
 b - a +2 trident of freezing
 t - a +0 war axe
 C - a +2 dire flail of holy wrath
Missiles
 k - 4 curare-tipped darts (quivered)
 F - 5 boomerangs
Armour
 c - a +0 buckler (worn)
 d - a +0 scale mail
 f - a +0 chain mail (worn)
 u - a +0 cloak (worn)
 x - a +0 pair of gloves (worn)
Jewellery
 n - a ring of magical power
Scrolls
 g - a scroll of blinking {unknown}
 i - a scroll of teleportation {unknown}
 m - a scroll of torment {unknown}
 p - 2 scrolls of enchant weapon {unknown}
 q - a scroll of noise {unknown}
 s - a scroll of amnesia {unknown}
 w - 3 scrolls of identify {unknown}
 y - a scroll of fog {unknown}
 z - a scroll of immolation {unknown}
 B - a scroll of summoning {unknown}
Potions
 e - 3 potions of mutation {unknown}
 h - a potion of invisibility {unknown}
 j - a potion of cancellation {unknown}
 l - a potion of heal wounds {@q1}
 o - 3 potions of degeneration {unknown}
 r - a potion of attraction {unknown}
 v - 3 potions of lignification {unknown}
 A - 2 potions of berserk rage {unknown}
 D - a potion of curing {unknown}
 E - a potion of flight {unknown}


   Skills:
 + Level 7.3 Fighting
 + Level 6.8 Axes
 - Level 3.6 Armour
 + Level 7.3 Shields


You had 6 spell levels left.
You didn't know any spells.
Your spell library contained the following spells:

 Spells                   Type           Power      Damage    Failure   Level
 Sublimation of Blood     Necr           0%         N/A       99%         2
 Wereblood                Tmut           0%         N/A       99%         2
 Frozen Ramparts          Ice            0%         1d1       100%        3
 Ice Form                 Ice/Tmut       0%         N/A       100%        4
 Summon Ice Beast         Ice/Summ       0%         N/A       100%        4
 Simulacrum               Ice/Necr       0%         N/A       100%        6
 Ozocubu's Refrigeration  Ice            0%         4d7       100%        7
 Summon Hydra             Summ           0%         N/A       100%        7
 Polar Vortex             Ice            0%         N/A       100%        9


Dungeon Overview and Level Annotations

Branches:
Dungeon (5/15)
 Temple: D:4-7

Altars:
Dithmenos
Fedhas
Hepliaklqana
Makhleb
Sif Muna
Vehumet
Yredelemnul

Annotations:
D:5 1 runed translucent door


Innate Abilities, Weirdness & Mutations

You have a pair of horns on your head.
You reflexively headbutt those who attack you in melee.


Message History

The orc hits you but does no damage. You block the howler monkey's attack.
You hear a shout! x18
You hit the orc priest.
The orc priest is almost dead.
You hit the howler monkey. You hit the orc priest. You barely miss the orc.
You hit the orc. The orc priest closely misses you. You furiously retaliate!
You headbutt the orc priest!
You kill the orc priest!
You block the orc's attack. x2
The orc priest casts a cantrip, but nothing happens.
You block the howler monkey's attack.
The orc priest invokes the aid of Beogh against you.
Pain shoots through your body!
* * * LOW HITPOINT WARNING * * *
The orc hits you but does no damage.
You closely miss the orc priest. You headbutt the orc priest.
The orc priest is heavily wounded.
You barely miss the howler monkey. You barely miss the scorpion.
You hit the orc.
You kill the orc!
You hit the orc. The scorpion barely misses you. You furiously retaliate!
You headbutt the scorpion!
The howler monkey hits you but does no damage.
The orc priest barely misses you. The orc hits you but does no damage.
You block the orc's attack.
You hit the orc priest but do no damage.
The orc priest is heavily wounded.
You barely miss the orc. You closely miss the howler monkey.
You barely miss the scorpion.
The howler monkey hits you but does no damage.
The scorpion stings you but does no damage.
The orc priest calls down the wrath of Beogh upon you.
Beogh smites you!
* * * LOW HITPOINT WARNING * * *
The orc priest calls upon Beogh to heal the orc.
The orc's wounds heal themselves!
The orc barely misses you. The orc hits you with a +0 war axe.
* * * LOW HITPOINT WARNING * * *
The howler monkey hits you.
You die...

#........)........ ....
#........)###.#### ....
#..........##.# .....
#...............
.....##.......###.#.>.
.....................##
.....oo........##...##
......h)............#
#....os@......#####.#
#.....oo......#
#.............#
#.........#......
#.......####......
######### ...... ......
...... ...


You could see a scorpion, a howler monkey, 2 orc priests and 3 orcs.

Vanquished Creatures
  Sigmund (D:3)
  Edmund (D:4)
  An ice beast (D:4)
  2 scorpions
  A hound (D:4)
  Crazy Yiuf (D:3)
  2 orc priests (D:5)
  A sleepcap (D:4)
  Jessica (D:3)
  An iguana (D:5)
  A scorpion zombie (D:3)
  An orc wizard (D:3)
  A hound zombie (D:3)
  4 gnolls (D:5)
  5 adders
  An ufetubus (D:5)
  2 adder zombies (D:3)
  5 worms
  3 dart slugs
  11 orcs
  7 ball pythons
  12 endoplasms
  6 giant cockroaches
  5 goblins
  3 hobgoblins
  4 jackals (D:1)
  4 quokkas (D:1)
  9 bats
  2 frilled lizards (D:1)
  7 kobolds
  3 rats
108 creatures vanquished.

Notes
Turn   | Place    | Note
-------+----------+-------------------------------------------
     0 | D:1      | Edyrem the Minotaur Fighter began the quest for the Orb.
     0 | D:1      | Reached XP level 1. HP: 19/19 MP: 0/0
    70 | D:1      | Reached XP level 2. HP: 27/27 MP: 1/1
   472 | D:1      | Reached XP level 3. HP: 26/33 MP: 2/2
   981 | D:2      | Found a faded altar of an unknown god.
  1035 | D:2      | Reached XP level 4. HP: 41/41 MP: 3/3
  1165 | D:2      | Found a hazy altar of Hepliaklqana.
  1500 | D:3      | Found a runed translucent door.
  1501 | D:3      | Noticed Crazy Yiuf
  1508 | D:3      | HP: 1/41 [Crazy Yiuf/+4 quarterstaff of chaos (3)]
  1510 | D:3      | Killed Crazy Yiuf
  1793 | D:3      | Reached skill level 5 in Fighting
  1793 | D:3      | Reached skill level 5 in Shields
  1793 | D:3      | Reached XP level 5. HP: 48/48 MP: 4/4
  1953 | D:3      | Noticed Jessica
  1957 | D:3      | Noticed Sigmund
  1963 | D:3      | Killed Jessica
  1996 | D:3      | Killed Sigmund
  1997 | D:3      | Reached skill level 5 in Axes
  1997 | D:3      | Reached XP level 6. HP: 34/57 MP: 5/5
  2079 | D:3      | Found a shadowy altar of Dithmenos.
  2428 | D:3      | Found a basalt altar of Yredelemnul.
  2583 | D:4      | Noticed Edmund
  2596 | D:4      | Killed Edmund
  2597 | D:4      | Reached XP level 7. HP: 28/64 MP: 6/6
  2870 | D:4      | Found a radiant altar of Vehumet.
  2908 | D:4      | Found a burning altar of Makhleb.
  2948 | D:4      | Found a blossoming altar of Fedhas.
  3054 | D:5      | Entered Level 5 of the Dungeon
  3283 | D:5      | Found a shimmering blue altar of Sif Muna.
  3330 | D:5      | Found a runed translucent door.
  3399 | D:5      | HP: 3/66 [orc/+0 war axe (4)]
  3399 | D:5      | Slain by a howler monkey

Illustrated notes

Levels and vault maps discovered:
D:1:      minmay_arrival_doors, layout_loops_cross
D:2:      layout_basic, ebering_ecumenical_altar_abandoned, basic_altar,
          kennysheep_generic_room_4
D:3:      layout_basic, nicolae_yredelemnul_corpse_copse,
          nicolae_dithmenos_shadow_blocks, uniq_crazy_yiuf_cottage,
          uniq_sigmund, uniq_jessica
D:4:      layout_cave_pools, overflow_temple_1_default,
          mainiacjoe_overflow_alcove_4, lemuel_doored_altar, st_stairs_6,
          uniq_edmund
D:5:      layout_basic, kennysheep_little_box, minmay_temple_entry_butterflies,
          lightli_church_of_beogh

Skill      XL: |  1  2  3  4  5  6  7 |
---------------+----------------------+-----
Fighting       | 4 5 6 7 |  7.3
Shields        | 4 5 6 7 |  7.3
Axes           | 3 4 5 6 |  6.8
Armour         | |  3.6

Action                     |  1- 3 |  4- 6 |  7- 9 || total
---------------------------+-------+-------+-------++-------
  Melee: War axe           |    96 |    78 |    12 ||   186
         Headbutt          |     5 |    21 |     8 ||    34
         Trident           |       |    32 |    41 ||    73
    Use: Potion            |       |     2 |     1 ||     3
 Armour: Scale mail        |     4 |       |       ||     4
         Chain mail        |    57 |    52 |    50 ||   159
  Dodge: Dodged            |    48 |    44 |    23 ||   115
  Block: Buckler           |    25 |    10 |    14 ||    49
